AoeStats
← soms88

Arena

508343863Analyzed
3v3 RM · 10d ago on Sep 22, 2026· 83m 52s· 6 players
Game mode
Random Map
Map size
Normal (6 player)
Population
200
Speed
Normal
Resources
Standard
Victory
Conquest
Starting age
Dark Age
Ending age
Imperial Age
RankedLock teamsTeams togetherTeam positionsShared explorationLock speedFull tech treeHidden civsTurbo modeCheats
Victory
Defeat
🇲🇽 Mongols · Mexico
1125
+15
🇲🇽 Lithuanians · Mexico
1107
+16
🇲🇽 Bohemians · Mexico
1051
+19
🇲🇽 Vikings · Mexico
1107
-16
🇲🇽 Georgians · Mexico
1106
-17
🇲🇽 Hindustanis · Mexico
1106
-17
Willych
10:39 Feudal Age
14:20 Castle Age
12:41 Double-Bit Axe
12:52 Horse Collar
15:48 Wheelbarrow
15:00 Loom
15:49 Bow Saw
18:57 Stone Mining
21:21 Heavy Plow
23:18 Hand Cart
25:00 Bloodlines
24:53 Husbandry
26:51 Gold Mining
27:40 Stone Shaft Mining
27:55 Forging
27:51 Scale Barding Armor
29:35 Iron Casting
32:14 Imperial Age
30:46 Chain Barding Armor
30:31 Hill Forts
31:18 Fletching
31:28 Padded Archer Armor
32:09 Bodkin Arrow
32:33 Thumb Ring
31:49 Elite Skirmisher
32:58 Ballistics
32:16 Cavalier
34:01 Chemistry
32:42 Treadmill Crane
33:51 Plate Barding Armor
33:32 Leather Archer Armor
34:02 Conscription
35:56 Two-Man Saw
35:30 Crop Rotation
35:17 Bracer
35:30 Paladin
39:29 Pikeman
40:09 Squires
41:53 Light Cavalry
42:50 Halberdier
46:14 Murder Holes
47:24 Scale Mail Armor
47:55 Ring Archer Armor
49:10 Caravan
54:47 Winged Hussar
58:19 Fortified Wall
68:53 Chain Mail Armor
dollivier9
11:09 Feudal Age
15:47 Castle Age
14:02 Horse Collar
14:18 Loom
14:30 Double-Bit Axe
17:18 Pikeman
17:58 Squires
18:12 Forging
18:42 Fervor
19:38 Wheelbarrow
19:57 Scale Mail Armor
22:21 Town Watch
22:42 Loom
23:34 Bow Saw
26:21 Chain Mail Armor
26:42 Iron Casting
26:53 Heavy Plow
31:45 Imperial Age
30:40 Chemistry
32:51 Conscription
33:07 Plate Mail Armor
33:58 Blast Furnace
32:22 Halberdier
34:57 Hand Cart
34:44 Arson
42:32 Elite Skirmisher
43:05 Fletching
43:16 Padded Archer Armor
44:32 Town Patrol
44:32 Bodkin Arrow
44:52 Leather Archer Armor
45:00 Ballistics
47:13 Houfnice
48:22 Bracer
49:01 Ring Archer Armor
49:26 Siege Engineers
55:06 Murder Holes
66:04 Heavy Scorpion
soms88
8:42 Feudal Age
11:27 Horse Collar
17:42 Castle Age
16:45 Stone Mining
17:04 Fletching
18:19 Double-Bit Axe
20:23 Wheelbarrow
21:56 Loom
22:57 Heavy Plow
27:02 Bloodlines
27:16 Bodkin Arrow
29:01 Padded Archer Armor
29:07 Husbandry
30:36 Leather Archer Armor
30:47 Ballistics
31:11 Thumb Ring
35:36 Imperial Age
33:34 Hand Cart
35:37 Gold Mining
36:23 Stone Shaft Mining
35:39 Elite Mangudai
36:36 Bow Saw
37:32 Chemistry
36:45 Bracer
37:19 Conscription
36:46 Capped Ram
38:11 Siege Ram
39:15 Drill
63:17 Scale Barding Armor
63:23 Forging
64:50 Chain Barding Armor
63:55 Light Cavalry
66:03 Iron Casting
65:42 Caravan
67:23 Hussar
71:04 Blast Furnace
El Memelon
4:14 Loom
9:54 Feudal Age
15:04 Castle Age
13:21 Double-Bit Axe
15:07 Horse Collar
16:18 Town Watch
19:39 Pikeman
22:21 Squires
22:36 Horse Collar
27:30 Bow Saw
30:21 Imperial Age
28:01 Heavy Plow
27:52 Gold Mining
29:57 Gold Shaft Mining
29:13 Stone Mining
28:50 Man-at-Arms
29:15 Gambesons
29:19 Arson
29:43 Fletching
29:54 Padded Archer Armor
30:25 Bodkin Arrow
31:24 Ballistics
30:47 Treadmill Crane
32:09 Chemistry
32:39 Two-Man Saw
31:27 Elite Skirmisher
33:02 Crop Rotation
34:51 Bracer
35:07 Leather Archer Armor
34:53 Scale Mail Armor
35:03 Forging
34:22 Elite Berserk
35:56 Conscription
38:44 Murder Holes
39:00 Masonry
39:07 Chain Mail Armor
39:46 Chieftains
40:19 Siege Engineers
40:26 Fortified Wall
40:49 Bogsveigar
42:02 Iron Casting
41:57 Plate Mail Armor
46:08 Architecture
48:19 Blast Furnace
51:19 Caravan
53:22 Hoardings
56:32 Man-at-Arms
57:34 Long Swordsman
58:45 Two-Handed Swordsman
59:07 Capped Ram
60:08 Champion
60:13 Siege Ram
61:53 Ring Archer Armor
74:33 Coinage
Sebollas
9:48 Feudal Age
14:07 Castle Age
13:15 Double-Bit Axe
15:00 Loom
21:43 Bow Saw
21:28 Horse Collar
23:00 Wheelbarrow
24:22 Heavy Plow
24:44 Scale Barding Armor
25:30 Bloodlines
26:12 Stone Mining
26:13 Gold Mining
27:47 Stone Shaft Mining
28:45 Chain Barding Armor
28:53 Hand Cart
32:07 Imperial Age
30:00 Town Watch
30:10 Fletching
30:43 Ballistics
30:14 Guard Tower
31:20 Bodkin Arrow
31:37 Forging
31:12 Treadmill Crane
32:23 Svan Towers
32:20 Padded Archer Armor
32:32 Gambesons
32:47 Squires
32:33 Arson
33:11 Bracer
33:57 Keep
32:50 Pikeman
33:29 Halberdier
34:13 Scale Mail Armor
35:11 Arrowslits
35:23 Murder Holes
36:29 Chemistry
35:19 Arrowslits
36:11 Town Patrol
37:42 Iron Casting
37:24 Chain Mail Armor
40:26 Plate Barding Armor
40:51 Blast Furnace
40:07 Leather Archer Armor
39:39 Light Cavalry
41:33 Aznauri Cavalry
41:10 Hussar
41:36 Elite Skirmisher
45:01 Husbandry
52:20 Parthian Tactics
51:24 Heavy Cavalry Archer
58:55 Heavy Scorpion
74:59 Caravan
Garchomoo
7:01 Loom
9:31 Feudal Age
15:03 Castle Age
13:28 Double-Bit Axe
13:32 Horse Collar
18:16 Wheelbarrow
17:46 Heavy Plow
21:44 Husbandry
22:45 Bow Saw
23:37 Hand Cart
26:22 Bloodlines
30:33 Imperial Age
28:23 Scale Barding Armor
28:53 Forging
30:08 Scale Mail Armor
32:40 Chemistry
32:05 Chain Barding Armor
33:06 Two-Man Saw
32:45 Gold Mining
33:15 Grand Trunk Road
33:26 Heavy Camel Rider
34:15 Shatagni
34:51 Ballistics
35:24 Imperial Camel Rider
40:10 Plate Barding Armor
40:24 Gold Shaft Mining
40:33 Iron Casting
41:16 Thumb Ring
44:15 Blast Furnace
46:23 Elite Skirmisher
50:56 Murder Holes
52:01 Padded Archer Armor
51:52 Fletching
54:08 Bodkin Arrow
54:29 Leather Archer Armor
59:47 Light Cavalry
61:17 Bracer
62:13 Hussar
70:15 Ring Archer Armor
Connection lost

Rejoining the realm…

Still unreachable

The connection could not be restored.

Session expired

The server has moved on; the page needs a fresh start.